 Dungeon Crawl Stone Soup version 0.17-a0-2231-gd80ca38 (webtiles) character file.

3913 kae the Fencer (level 10, -1/77 HPs)
             Began as a Minotaur Fighter on Oct 29, 2015.
             Was a Follower of Qazlal.
             Slain by kae's ghost (22 damage)
             ... on level 8 of the Dungeon.
             The game lasted 00:08:09 (7823 turns).

kae the Fencer (Minotaur Fighter)                   Turns: 7823, Time: 00:08:09

Health: -1/77      AC:  9    Str: 21    XL:     10   Next: 1%
Magic:  9/9        EV:  7    Int:  7    God:    Qazlal [*.....]
Gold:   386        SH: 11    Dex: 11    Spells: 0 memorised, 9 levels left

rFire  . . .     SeeInvis .     a - +1 long sword
rCold  . . .     Clarity  .     b - +1 scale mail
rNeg   . . .     SustAt   +     c - +0 shield
rPois  .         Gourm    +     (helmet restricted)
rElec  .         Spirit   .     u - +0 cloak
rCorr  .         Warding  .     (no gloves)
rMut   .         Stasis   .     (no boots)
MR     .....                    D - amulet of the gourmand
Stlth  ..........               (no ring)
                                B - ring of sustain attributes

@: not resistant to hostile enchantments, extremely unstealthy
A: retaliatory headbutt, horns 2
a: Renounce Religion


You were on level 8 of the Dungeon.
You worshipped Qazlal.
Qazlal was aware of your devotion.
You were very full.

You visited 2 branches of the dungeon, and saw 9 of its levels.
You also visited: Ossuary.

You collected 386 gold pieces.

Inventory:

Hand Weapons
 a - a +1 long sword (weapon)
Armour
 b - a +1 scale mail (worn)
 c - a +0 shield (worn)
 u - a +0 cloak (worn)
Jewellery
 q - an uncursed ring of positive energy
 B - a ring of sustain attributes (left hand)
 D - an amulet of the gourmand (around neck)
Wands
 i - a wand of frost (20)
 w - a wand of flame (33)
 y - a wand of paralysis (7)
 A - a wand of slowing (17)
Scrolls
 d - 2 scrolls of enchant armour
 g - 5 scrolls of teleportation
 j - a scroll of fog
 n - 2 scrolls of magic mapping
 p - 7 scrolls of remove curse
 F - a scroll of identify
 H - a scroll of blinking
 I - a scroll of amnesia
Potions
 f - a potion of mutation
 l - 3 potions of lignification
 o - a potion of resistance
 r - 2 potions of brilliance
 t - 2 potions of cancellation
 E - a potion of flight
Books
 v - a book of Summonings

   Spells                             Type                      Level
   a - Recall                         Summoning/Translocation      3
   b - Aura of Abjuration             Summoning                    5
   c - Shadow Creatures               Summoning                    5
   d - Summon Demon                   Summoning                    5
   e - Summon Forest                  Summoning/Translocation      5
   f - Summon Mana Viper              Hexes/Summoning              5
Comestibles
 e - 6 bread rations
 h - 3 beef jerkies
 x - 2 meat rations


   Skills:
 + Level 3.6 Fighting
 - Level 16.1 Long Blades
 - Level 3.6 Armour
 - Level 3.6 Shields


You had 9 spell levels left.
You didn't know any spells.

Dungeon Overview and Level Annotations

Branches:
Dungeon (8/15)             Temple (1/1) D:5
   Lair: D:8-11

Altars:
Ashenzari
Cheibriados
Dithmenos
Elyvilon
Fedhas
Gozag
Kikubaaqudgha
Makhleb
Nemelex Xobeh
Okawaru
Qazlal
Ru
Sif Muna
Trog
Vehumet
Xom
Yredelemnul
Zin
The Shining One

Annotations:
D:8 kae's ghost, novice HESk


Innate Abilities, Weirdness & Mutations

You reflexively headbutt those who attack you in melee.
You have a pair of horns on your head.


Message History

Drink which item? (? for menu, Esc to quit)
You feel much better.
Kae's ghost casts a spell.
Space distorts along a thin shroud covering kae's ghost's form.
You hit kae's ghost but do no damage.
Kae's ghost is almost destroyed.
Kae's ghost hits you.
Kae's ghost's shroud bends your attack away.
Kae's ghost barely misses you.
You barely miss kae's ghost. Your headbutt misses kae's ghost.
Kae's ghost is almost destroyed.
Kae's ghost hits you!
* * * LOW HITPOINT WARNING * * *
You are too injured to fight recklessly!
You are too injured to fight recklessly!
You are too injured to fight recklessly!
You hit kae's ghost but do no damage.
Kae's ghost is almost destroyed.
Kae's ghost hits you!!
You die...

####
#.##.#
...###
#....# .
..# #....
#.#.# ...#
#.#(#####
...
#...<...#
#O# #
###.###.#
##)#
....####.#
†)<#
.....rW@.#
)###
....######
. . . > !
. .


You could see kae's ghost and a quokka.

Vanquished Creatures
  The ghost of M4edhros the Covert, a novice OpAr (Ossuary)
  Sigmund (D:3)
  Eustachio (D:5)
  Edmund (D:4)
  A water moccasin (D:6)
  Duvessa (D:4)
  An ice beast (D:7)
  A necrophage (D:7)
  2 orc warriors
  2 phantoms
  5 ogres
  A big kobold (D:7)
  A centaur (D:6)
  2 elf zombies (D:6)
  The ghost of Stick the Magician, an amateur OpWz (D:3)
  2 giant frogs
  Dowan (D:4)
  7 scorpions
  A quasit (D:7)
  A centaur zombie (Ossuary)
  6 orc wizards
  3 hounds
  3 human zombies
  2 iguanas
  Crazy Yiuf (D:2)
  A jelly (D:7)
  3 orc priests
  Jessica (D:3)
  2 human skeletons (D:6)
  Natasha (D:2)
  3 worker ants
  A big kobold zombie (Ossuary)
  A hound zombie (D:5)
  5 mummies (Ossuary)
  A shadow imp (D:5)
  9 adders
  2 oozes
  5 worms
  3 giant geckos
  26 orcs
  6 bats
  A gnoll zombie (Ossuary)
  8 hobgoblins
  19 jackals
  2 quokkas
  5 giant cockroaches
  A giant gecko skeleton (D:7)
  3 giant newts
  10 goblins
  2 goblin zombies (Ossuary)
  A hobgoblin zombie (Ossuary)
  12 kobolds
  A kobold zombie (Ossuary)
  A quokka zombie (D:6)
  4 rats
189 creatures vanquished.

Notes
Turn   | Place    | Note
--------------------------------------------------------------
     0 | D:1      | kae the Minotaur Fighter began the quest for the Orb.
     0 | D:1      | Reached XP level 1. HP: 19/19 MP: 0/0
   564 | D:1      | Reached XP level 2. HP: 23/26 MP: 1/1
   962 | D:2      | Reached skill level 4 in Long Blades
  1110 | D:2      | Reached XP level 3. HP: 25/31 MP: 2/2
  1257 | D:2      | Noticed Crazy Yiuf
  1264 | D:2      | Killed Crazy Yiuf
  1264 | D:2      | Reached skill level 5 in Long Blades
  1264 | D:2      | Reached XP level 4. HP: 16/39 MP: 3/3
  1478 | D:2      | Noticed Natasha
  1484 | D:2      | Killed Natasha
  1661 | D:3      | Noticed Stick's ghost (amateur OpWz)
  1664 | D:3      | Reached skill level 6 in Long Blades
  1669 | D:3      | Killed Stick's ghost
  1669 | D:3      | Reached XP level 5. HP: 39/45 MP: 4/4
  1822 | D:3      | Reached skill level 7 in Long Blades
  1903 | D:3      | Found a radiant altar of Vehumet.
  1927 | D:3      | Noticed Sigmund
  1936 | D:3      | Killed Sigmund
  1936 | D:3      | Reached skill level 8 in Long Blades
  1936 | D:3      | Reached XP level 6. HP: 39/51 MP: 5/5
  2007 | D:3      | Noticed Jessica
  2012 | D:3      | Killed Jessica
  2129 | D:3      | Found a basalt altar of Yredelemnul.
  2143 | D:3      | Found a shimmering altar of Xom.
  2216 | D:3      | Found a shattered altar of Ashenzari.
  2222 | D:3      | Found a glowing golden altar of the Shining One.
  2230 | D:3      | Reached skill level 9 in Long Blades
  2380 | D:4      | Noticed Edmund
  2516 | D:4      | Reached XP level 7. HP: 45/57 MP: 6/6
  2567 | D:4      | Killed Edmund
  2567 | D:4      | Reached skill level 10 in Long Blades
  2941 | D:4      | Found a burning altar of Makhleb.
  3026 | D:4      | Noticed Duvessa
  3028 | D:4      | Noticed Dowan
  3037 | D:4      | Killed Duvessa
  3037 | D:4      | Reached skill level 11 in Long Blades
  3047 | D:4      | Killed Dowan
  3047 | D:4      | Reached XP level 8. HP: 26/64 MP: 7/7
  3597 | D:5      | Entered Level 5 of the Dungeon
  3716 | D:5      | Reached skill level 12 in Long Blades
  4090 | D:5      | Noticed Eustachio
  4109 | D:5      | Killed Eustachio
  4312 | D:5      | Found a staircase to the Ecumenical Temple.
  4594 | D:6      | Found a radiant altar of Vehumet.
  4719 | D:6      | Reached skill level 13 in Long Blades
  4882 | D:6      | HP: 3/64 [poisoned by a water moccasin]
  4890 | D:6      | HP: 3/64 [poisoned by a water moccasin]
  4895 | D:6      | HP: 2/64 [poisoned by a water moccasin]
  5126 | D:6      | Reached XP level 9. HP: 40/70 MP: 8/8
  5206 | D:6      | Found an ancient bone altar of Kikubaaqudgha.
  5321 | D:6      | Reached skill level 14 in Long Blades
  5360 | D:6      | Found a sand-covered staircase.
  5379 | Ossuary  | Entered an ossuary
  5407 | Ossuary  | Noticed M4edhros's ghost (novice OpAr)
  5417 | Ossuary  | Killed M4edhros's ghost
  5864 | D:6      | Reached skill level 15 in Long Blades
  6358 | Temple   | Entered the Ecumenical Temple
  6450 | Temple   | Became a worshipper of Qazlal Stormbringer
  7273 | D:7      | Reached skill level 16 in Long Blades
  7442 | D:8      | Reached * piety under Qazlal
  7770 | D:7      | Reached XP level 10. HP: 77/77 MP: 9/9
  7803 | D:8      | Noticed kae's ghost (novice HESk)
  7823 | D:8      | Slain by kae's ghost

Vault maps used:
D:1:      dpeg_arrival_round_a, kennysheep_nondescript
D:2:      nicolae_overflow_hidden_temple, uniq_natasha, uniq_crazy_yiuf_cottage
D:3:      minitemple, gammafunk_temple_overflow_pools, vehumet_altar_wand_db,
          uniq_sigmund, uniq_jessica
D:4:      makhleb_heckhound_becter, uniq_duvessa, uniq_edmund
D:5:      minmay_temple_entry_fiery, first_bread, uniq_eustachio
D:6:      marbit_many_paths, lemuel_round_altar, nicolae_ossuary_entry_catacombs
D:8:      serial_shops, nicolae_shop_crystal, basic_altar
Temple:   circular_temple_12
Ossuary:  ossuary_crypta

Action                   |  1- 3 |  4- 6 |  7- 9 | 10-12 || total
-------------------------+-------+-------+-------+-------++-------
Melee: Long sword        |    66 |   112 |   553 |    17 ||   748
  Use: Potion            |       |     1 |     6 |     1 ||     8
       Scroll            |       |    10 |    16 |       ||    26
 Stab: Invisible         |       |       |     2 |       ||     2
  Eat: Chunk             |     1 |     5 |    24 |       ||    30
